 Dungeon Crawl Stone Soup version 0.30-a0-847-g17996783a1 (webtiles) character file.

Game seed: 14072393492651623148

46 cforsyth the Sneak (level 3, -2/22 HPs)
             Began as a Kobold Brigand on Mar 3, 2023.
             Slain by Sigmund
             ... wielding a +0 scythe
              (3 damage)
             ... on level 2 of the Dungeon.
             The game lasted 00:02:01 (1442 turns).

cforsyth the Sneak (Kobold Brigand)                 Turns: 1442, Time: 00:02:02

Health: -2/22      AC:  6    Str:  8    XL:     3   Next: 92%
Magic:  3/3        EV: 15    Int: 12    God:
Gold:   74         SH:  0    Dex: 18    Spells: 2/2 levels left

rFire   . . .      SeeInvis .    a - +2 dagger
rCold   . . .      Faith    .    (no shield)
rNeg    . . .      Spirit   .    b - +0 robe
rPois   .          Reflect  .    k - +2 helmet
rElec   .          Rampage  .    c - +0 cloak
rCorr   .                        (no gloves)
Will    .....                    (no boots)
Stlth   ++                       (no amulet)
HPRegen 0.23/turn                (no ring)
MPRegen 0.08/turn                (no ring)

@: confused
A: small, no large weapons, nightstalker 3
a: no special abilities


You were on level 2 of the Dungeon.
You visited 1 branch of the dungeon, and saw 2 of its levels.

You collected 74 gold pieces.

Inventory:

Hand Weapons
 a - a +2 dagger (weapon)
Missiles
 d - 12 poisoned darts (quivered)
 e - 3 curare-tipped darts
Armour
 b - a +0 robe (worn)
 c - a +0 cloak (worn)
 k - a +2 helmet (worn)
Scrolls
 f - a scroll of silence {unknown}
 g - a scroll of fear {unknown}
 h - a scroll of vulnerability {unknown}
Potions
 i - 2 potions of cancellation {unknown}
 j - a potion of flight {unknown}


   Skills:
 + Level 2.8 Fighting
 + Level 3.4 Short Blades
 - Level 2.1 Throwing
 + Level 2.4 Dodging
 + Level 5.8 Stealth


You had 2 spell levels left.
You didn't know any spells.
Your spell library was empty.

Dungeon Overview and Level Annotations

Branches:
Dungeon (2/15)

Altars:

Shops:
D:1 (

Annotations:
D:2 Sigmund


Innate Abilities, Weirdness & Mutations

You are small and have problems with some larger weapons.
You are completely attuned to the shadows.


Message History

The kobold is moderately wounded.
Sigmund gestures wildly while chanting.
Sigmund flickers and vanishes!
Deactivating autopickup; reactivate with Ctrl-A.
You hit the kobold but do no damage.
The kobold is moderately wounded.
The hobgoblin barely misses you. The kobold closely misses you.
You hit the kobold but do no damage.
The kobold is moderately wounded.
The hobgoblin hits you. The kobold hits you but does no damage.
Something hits you.
You hit the kobold.
The kobold is severely wounded.
The kobold barely misses you. The hobgoblin hits you.
You hit the kobold.
You kill the kobold!
The hobgoblin misses you. Something hits you!
* * * LOW HITPOINT WARNING * * *
The hobgoblin attacks as you move away! The hobgoblin barely misses you.
Things that are here:
a +0 club; 5 stones; a fuming amethyst potion The hobgoblin attacks as you move away!
The hobgoblin misses you. The hobgoblin closely misses you.
You hear some strange, mumbled words.
You are confused.
You hit the hobgoblin.
The hobgoblin is lightly wounded.
The hobgoblin barely misses you. Something hits you.
* * * LOW HITPOINT WARNING * * *
The hobgoblin barely misses you.
You bump into the rock wall.
Something hits you but does no damage. The hobgoblin completely misses you.
The hobgoblin barely misses you.
You bump into the rock wall.
Something hits you.
* * * LOW HITPOINT WARNING * * *
The hobgoblin completely misses you.
You're too confused to move!
The hobgoblin closely misses you. Something hits you.
You die...

...#.#..#....# #.#
...#.#..###..###.# ...#.#..#
#....#.# .#.#.#..####.#.#.#
.#.#.#.......#...####K .#
.........#######.#... #.#
.#.#.#...........#.##. #.####
.#.#.##.########....#.######.....
.#.#.##.### #@...#............
.#.#.#....# #.g..# #...#......
...# #....# ###..###..$#......
<#.# #....# #.....)...#.##...
##.#.#....# #...###...#.....P
#.#.#....# #...###...#.#...#
#.#.#....#######....####.......#
##.#.#....#...........# ###.....#
.........##.#####..#..####..#...#


You could see a hobgoblin.

Vanquished Creatures
  A gnoll (D:1)
  4 endoplasms
  A giant cockroach (D:2)
  4 hobgoblins (D:1)
  3 ball pythons
  4 bats
  2 frilled lizards
  A goblin (D:1)
  8 kobolds
  9 rats (D:1)
37 creatures vanquished.

Vanquished Creatures (others)
  A plant (D:2)
1 creature vanquished.

Grand Total: 38 creatures vanquished

Notes
Turn   | Place    | Note
-------+----------+-------------------------------------------
     0 | D:1      | cforsyth the Kobold Brigand began the quest for the Orb.
     0 | D:1      | Reached XP level 1. HP: 12/12 MP: 1/1
   162 | D:1      | Reached XP level 2. HP: 18/18 MP: 2/2
   238 | D:1      | Found Uroqoofe's Antique Weapon Shoppe.
   468 | D:1      | Reached XP level 3. HP: 22/22 MP: 3/3
   815 | D:1      | Found a faded altar of an unknown god.
  1121 | D:2      | Noticed Sigmund
  1441 | D:2      | HP: 1/22 [something (2)]
  1442 | D:2      | Slain by Sigmund

Illustrated notes

Levels and vault maps discovered:
D:1:      kennysheep_arrival_seaside, layout_basic, serial_shops, shop,
          hellmonk_ecumenical_altar_inner_sanctum
D:2:      layout_basic, palyth_stone_intersect, corexii_shack,
          uniq_crazy_yiuf_cottage, uniq_sigmund

Skill      XL: |  1  2 |
---------------+-------+-----
Short Blades   | 3 |  3.4
Dodging        | 2 |  2.4
Fighting       | |  2.8
Throwing       | |  2.1
Stealth        | |  5.8

Action                     || total
---------------------------++-------
  Melee: Dagger            ||    73
   Stab: Sleeping          ||    19
         Distracted        ||     1
 Armour: Robe              ||    11
  Dodge: Dodged            ||    64

Table legend: (Time is in decaauts)
 A = Elapsed time spent in this place.
 B = Non-inter-level travel time spent in this place.
 C = Inter-level travel time spent in this place.
 D = Time resting spent in this place.
 E = Time spent auto-exploring this place.
 F = Levels seen in this place.
 G = Mean time per level.
                   A        B        C        D        E       F      G
               +--------+--------+--------+--------+--------+-----+--------+
         Total |   1432 |   1365 |     67 |      0 |   1096 |   2 |  716.0 |
       Dungeon |   1432 |   1365 |     67 |      0 |   1096 |   2 |  716.0 |
               +--------+--------+--------+--------+--------+-----+--------+

Top non-repeatable levels by time:
     D:1: 953 daAuts
     D:2: 478 daAuts
